 Dungeon Crawl Stone Soup version 0.28-a0-465-ge2dae52223 (webtiles) character file.

Game seed: 2702821468846695123

37 wakim the Poker (level 3, 0/29 HPs)
             Began as a Merfolk Berserker on Sept 14, 2021.
             Was a Believer of Trog.
             Slain by an adder (4 damage)
             ... on level 2 of the Dungeon.
             The game lasted 00:03:14 (1348 turns).

wakim the Poker (Merfolk Berserker)                 Turns: 1348, Time: 00:03:14

Health: 0/29       AC:  2    Str: 17    XL:     3   Next: 41%
Magic:  3/3        EV: 13    Int:  6    God:    Trog [**....]
Gold:   34         SH:  0    Dex: 14    Spells: 2/2 levels left

rFire   . . .      SeeInvis .   a - +0 spear
rCold   . . .      Faith    .   (no shield)
rNeg    . . .      Spirit   .   b - +0 animal skin
rPois   .          Reflect  .   (no helmet)
rElec   .          Harm     .   (no cloak)
rCorr   .          Rampage  .   (no gloves)
Will    .....                   (no boots)
Stlth   ++........              (no amulet)
HPRegen 0.09/turn               (no ring)
MPRegen 0.08/turn               (no ring)

@: lethally poisoned (0 -> -7), attractive
A: (nimble swimmer 2), mertail
a: Renounce Religion, Berserk, Trog's Hand


You were on level 2 of the Dungeon.
You worshipped Trog.
Trog was pleased with you.
You visited 1 branch of the dungeon, and saw 2 of its levels.

You collected 34 gold pieces.

Inventory:

Hand Weapons
 a - a +0 spear (weapon)
Missiles
 c - 11 poisoned darts (quivered)
Armour
 b - a +0 animal skin (worn)
Scrolls
 e - a scroll of enchant weapon {unknown}
 f - a scroll of noise {unknown}
 g - a scroll of teleportation {unknown}
 i - a scroll of brand weapon
 r - a scroll of identify


   Skills:
 + Level 3.5 Fighting
 * Level 5.3 Polearms
 + Level 1.7 Armour
 + Level 3.0 Dodging
 + Level 1.3 Stealth


You had 2 spell levels left.
You didn't know any spells.
Your spell library was empty.

Dungeon Overview and Level Annotations

Branches:
Dungeon (2/15)

Altars:

Shops:
D:2 !


Innate Abilities, Weirdness & Mutations

((You are quick and stealthy near water. (Stealth+, EV+, Speed+++)))
Your lower body shifts to a powerful aquatic tail in water.


Message History

The adder poisons you!
You closely miss the adder.
You feel sick. The adder misses you.
You hit the adder.
The adder is lightly wounded.
You feel sick. The adder bites you.
You closely miss the adder.
The adder is lightly wounded.
You feel sick. The adder misses you.
You barely miss the adder.
The adder is lightly wounded.
You feel sick. The adder bites you.
* * * LOW HITPOINT WARNING * * *
You are more poisoned.
The adder poisons you!
Throw: 12 darts (poison)
Press: ? - help, Q - select action, (/) - cycle Shift-Dir - straight line, f - adder
Aim: an adder (lightly wounded, 40% to hit)
You throw a poisoned dart. The poisoned dart hits the adder.
The adder is poisoned.
The adder is lightly wounded.
You feel sick. The adder bites you.
* * * LOW HITPOINT WARNING * * *
You are lethally poisoned!
The adder poisons you! The adder closely misses you.
It was a potion of attraction.
You feel attractive to monsters.
* * * LOW HITPOINT WARNING * * *
You feel very sick. The adder barely misses you.
You barely miss the adder.
The adder is lightly wounded.
* * * LOW HITPOINT WARNING * * *
You feel sick. The adder bites you but does no damage.
You aren't carrying any potions.
As you read the scroll labelled ESCHAY TUNEUDGH, it crumbles to dust.
It is a scroll of identify.
i - a scroll of brand weapon;
r - a scroll of identify
* * * LOW HITPOINT WARNING * * *
You feel sick. The adder bites you.
You die...

##### ...## ### ... ..#
#.####.# # #@##.#.# ######
### #. #S#.#..######⌠.⌠.#
.?..#.###gS###........∩...
..........## ##......⌠.⌠..
...........###.###########
###.#.#.##..#..# #
S.........#.# #
..##......(...# ###### ..
###.##.##### #.....


You could see an adder (poisoned), a hobgoblin and a ball python.

Vanquished Creatures
  An adder (D:2)
  A worm (D:2)
  3 endoplasms
  A giant cockroach (D:1)
  3 hobgoblins (D:1)
  2 ball pythons (D:1)
  A bat (D:1)
  2 frilled lizards (D:1)
  2 goblins (D:1)
  3 kobolds (D:1)
  8 rats
27 creatures vanquished.

Notes
Turn   | Place    | Note
-------+----------+-------------------------------------------
     0 | D:1      | wakim the Merfolk Berserker began the quest for the Orb.
     0 | D:1      | Reached XP level 1. HP: 18/18 MP: 1/1
   439 | D:1      | Reached XP level 2. HP: 24/24 MP: 2/2
   733 | D:1      | Reached skill level 1 in Stealth
   993 | D:1      | Reached skill level 5 in Polearms
  1064 | D:1      | Noticed a golden eye
  1065 | D:1      | Found a faded altar of an unknown god.
  1069 | D:1      | Noticed a floating eye
  1069 | D:1      | Noticed an eye of devastation
  1069 | D:1      | Noticed an eye of devastation
  1196 | D:2      | Reached XP level 3. HP: 29/29 MP: 3/3
  1301 | D:2      | Found Wusuec's Distillery.
  1312 | D:2      | Reached ** piety under Trog
  1348 | D:2      | Slain by an adder

Illustrated notes

Levels and vault maps discovered:
D:1:      matt_arrival_refuge, layout_basic,
          hellmonk_ecumenical_altar_watching_god
D:2:      layout_loops_ring, serial_shops, shop_fountains, shop, shop_fountains,
          nicolae_shop_trees, shop, dk_vineyard_3, amethyst_killhole,
          minmay_misc_feat_tiny

Skill      XL: |  1  2 |
---------------+-------+-----
Stealth        | 1 |  1.3
Polearms       | 5 |  5.3
Dodging        | 3 |  3.0
Fighting       | |  3.5
Armour         | |  1.7

Action                   || total
-------------------------++-------
Melee: Spear             ||    91
Throw: Dart              ||     1
  Use: Scroll            ||     1
       Potion            ||     1
 Stab: Sleeping          ||     4
Armor: Animal skin       ||     4
Dodge: Dodged            ||    28

Table legend: (Time is in decaauts)
 A = Elapsed time spent in this place.
 B = Non-inter-level travel time spent in this place.
 C = Inter-level travel time spent in this place.
 D = Time resting spent in this place.
 E = Time spent auto-exploring this place.
 F = Levels seen in this place.
 G = Mean time per level.
                   A        B        C        D        E       F      G
               +--------+--------+--------+--------+--------+-----+--------+
         Total |   1334 |   1299 |     35 |      0 |   1091 |   2 |  667.0 |
       Dungeon |   1334 |   1299 |     35 |      0 |   1091 |   2 |  667.0 |
               +--------+--------+--------+--------+--------+-----+--------+

Top non-repeatable levels by time:
     D:1: 1147 daAuts
     D:2: 187 daAuts
